Map: Neon Violet Square LE

Players

xBosna - Winner!

  • Race: Zerg Zerg
  • League: Platinum
  • Spawn Location: 5:00

axu

  • Race: Protoss Protoss
  • League: Platinum
  • Spawn Location: 11:00

VOD

Have the link to the VOD?

Description

Time

  • Played on: March 13, 2018, 11:14 a.m.
  • Length: 7:25
Show
View Real Time Build Order
Export as new Build Order

xBosna Zerg - Winner!

Build Orders: Hatch First 

Get SALT Encoding   

  12  0:01  Drone  
  13  0:13  Overlord  
  13  0:19  Drone  
  14  0:31  Drone x2  
  14  0:35  Drone  
  17  0:56  Hatchery, Drone  
  17  1:00  Drone  
  18  1:11  Extractor  
  17  1:16  Spawning Pool  
  16  1:18  Drone  
  16  1:25  Drone  
  18  1:28  Drone  
  19  2:01  Drone x2  
  19  2:02  Drone  
  19  2:07  Queen x2  
  26  2:09  Overlord  
  26  2:14  Metabolic Boost  
  26  2:30  Drone x4  
  30  2:47  Drone x3  
  33  2:51  Overlord  
  33  3:01  Lair  
  33  3:02  Hatchery  
  32  3:14  Drone x4  
  32  3:18  Overlord  
  36  3:23  Queen  
  38  3:33  Drone x3  
  38  3:34  Drone x3  
  42  3:37  Extractor  
  43  3:42  Spore Crawler  
  43  3:43  Extractor  
  43  3:44  Spore Crawler  
  43  3:47  Drone x2  
  42  3:49  Drone  
  43  3:57  Evolution Chamber  
  43  4:02  Overseer  
  42  4:07  Zergling x8  
  46  4:20  Drone x3  
  48  4:24  Hydralisk Den  
  44  4:36  Drone x3  
  44  4:37  Drone x3  
  49  4:53  Drone  
  49  4:54  Drone x4  
  49  4:57  Overlord  
  49  4:58  Overlord x4  
  54  5:16  Zerg Missile Weapons Level 1  
  54  5:18  Hydralisk x4  
  54  5:20  Hydralisk  
  54  5:21  Hydralisk  
  64  5:22  Hydralisk  
  64  5:28  Hydralisk x2  
  72  5:39  Hydralisk x2  
  72  5:40  Hydralisk  
  78  5:46  Hydralisk  
  80  5:53  Zergling x14  
  80  5:54  Zergling x2  
  88  6:00  Muscular Augments  
  89  6:18  Zergling x4  
  89  6:19  Zergling x16  
  98  6:30  Overlord x6  
  94  6:54  Hydralisk x2  
  94  6:55  Hydralisk x6  
Show
View Real Time Build Order
Export as new Build Order

axu Protoss 

Build Orders:  

Get SALT Encoding   

  12  0:01  Probe  
  13  0:13  Probe  
  14  0:21  Pylon  
  14  0:25  Probe  
  15  0:32  Assimilator  
  15  0:39  Probe  
  16  0:55  Gateway  
  16  1:01  Probe (Chrono Boost)  
  17  1:13  Probe (Chrono Boost)  
  18  1:21  Probe  
  19  1:39  Probe  
  20  1:51  Probe  
  21  2:00  Nexus  
  21  2:04  Cybernetics Core  
  21  2:06  Gateway  
  21  2:10  Pylon  
  21  2:12  Probe  
  22  2:18  Assimilator  
  22  2:24  Probe  
  23  2:34  Pylon  
  23  2:36  Probe  
  24  2:43  Warp Gate (Chrono Boost)  
  24  2:44  Adept  
  24  2:48  Probe  
  27  2:58  Adept  
  29  3:03  Stargate  
  29  3:05  Probe  
  30  3:13  Probe  
  30  3:17  Adept, Probe  
  34  3:25  Probe  
  35  3:29  Probe  
  36  3:37  Adept, Probe  
  39  3:41  Probe  
  39  3:44  Twilight Council  
  39  3:48  Adept  
  42  3:49  Probe  
  42  3:53  Probe  
  44  4:02  Probe  
  45  4:05  Oracle, Probe  
  49  4:14  Probe  
  48  4:34  Probe x2  
  48  4:37  Adept  
  50  4:44  Assimilator  
  50  4:46  Probe x2  
  50  4:50  Assimilator  
  50  4:58  Probe  
  49  5:04  Adept  
  51  5:12  Probe  
  51  5:13  Probe  
  53  5:16  Nexus  
  53  5:19  Pylon  
  53  5:21  Resonating Glaives  
  53  5:22  Pylon  
  53  5:24  Templar Archives, Probe  
  54  5:28  Gateway  
  54  5:29  Gateway  
  54  5:31  Gateway  
  54  5:34  Gateway  
  54  5:37  Probe  
  54  5:38  Pylon  
  54  5:40  Pylon  
  55  5:43  Probe  
  55  5:49  Probe  
  57  5:56  Probe  
  58  6:01  Probe  
  59  6:10  Probe  
  57  6:13  Probe  
  57  6:21  Adept x2  
  57  6:22  Probe  
  57  6:23  Adept  
  57  6:24  Adept  
  66  6:36  Probe x2  
  66  6:37  Probe  
  65  6:48  Probe x2  
  65  6:53  Adept  
  65  6:54  Adept x5  
  58  7:00  Probe  
  52  7:16  Adept x2  
  52  7:19  Adept x2  
  52  7:20  Adept x2  
Tags
 
Add a new tag
Caveats
  • Supply blocks, unpowered buildings, or Contaminate may cause inaccurate times.
  • Supply counts are checked every 10 seconds.